 Dungeon Crawl Stone Soup version 0.25-a0-663-gace7076f2c (webtiles) character file.

Game seed: 11374313527618652479, levelgen mode: deterministic

112 kae the Ruffian (level 4, -2/35 HPs)
             Began as a Draconian Transmuter on Mar 25, 2020.
             Slain by Natasha (6 damage)
             ... on level 2 of the Dungeon.
             The game lasted 00:02:07 (2065 turns).

kae the Ruffian (Draconian Transmuter)              Turns: 2065, Time: 00:02:07

Health: -2/35      AC:  0    Str: 12 (13) XL:     4   Next: 64%
Magic:  8/8        EV: 14    Int: 12 (14) God:
Gold:   100        SH:  0    Dex:  9 (11) Spells: 2/8 levels left

rFire    . . .     SeeInvis .     - Unarmed
rCold    . . .     Gourm    .   (shield currently unavailable)
rNeg     . . .     Faith    .   (armour unavailable)
rPois    .         Spirit   .   (helmet currently unavailable)
rElec    .         Reflect  .   (cloak currently unavailable)
rCorr    .         Harm     .   (gloves currently unavailable)
MR       .....                  (boots currently unavailable)
Stlth    +.........             (no amulet)
HPRegen  0.11/turn              (ring currently unavailable)
MPRegen  0.11/turn              (ring currently unavailable)

@: pig-form, slowed
A: small, unfitting armour, AC +5
a: no special abilities


You were on level 2 of the Dungeon.
You were very hungry.
You were a filthy swine.
You visited 1 branch of the dungeon, and saw 2 of its levels.

You collected 100 gold pieces.

Inventory:

Missiles
 a - 28 arrows
Scrolls
 d - 2 scrolls of enchant weapon {unknown}
 f - 3 scrolls of amnesia {unknown}
 g - a scroll of teleportation {unknown}
 h - 3 scrolls of remove curse {unknown}
 i - a scroll of fog {unknown}
Potions
 e - a potion of flight {unknown}
 j - 2 potions of magic
 l - a potion of stabbing {unknown}
Comestibles
 c - a ration


   Skills:
 - Level 1.1 Fighting
 - Level 1.7 Dodging
 * Level 4.4 Unarmed Combat
 + Level 2.8 Spellcasting
 + Level 3.0 Transmutations


You had 2 spell levels left.
You knew the following spells:

 Your Spells              Type           Power        Failure   Level  Hunger
a - Beastly Appendage     Tmut           #.....       8%          1    #......
b - Sticks to Snakes      Tmut           #.......     11%         2    ###....
c - Spider Form           Tmut/Pois      #.........   38%         3    ###....

Your spell library contained the following spells:

 Spells                   Type           Power        Failure   Level  Hunger
 Ice Form                 Ice/Tmut       #.......     80%         4    #####..
 Blade Hands              Tmut           #.........   90%         5    ######.


Dungeon Overview and Level Annotations

Branches:
Dungeon (2/15)

Altars:

Annotations:
D:2 Natasha, Sigmund


Innate Abilities, Weirdness & Mutations

((Your plain brown scales are hard. (AC +5)))
You cannot fit into any form of body armour.
((You are cold-blooded and may be slowed by cold attacks.))


Message History

Your transformation has ended.
Natasha closely misses you.
The iron imp picks up a beetle and eats it.
The iron imp hits you. Natasha barely misses you.
The iron imp closely misses you.
You hit Natasha.
Natasha is lightly wounded.
Natasha barely misses you. The iron imp barely misses you.
You hit Natasha but do no damage.
Natasha is lightly wounded.
Natasha zaps a wand.
You turn into a filthy swine.
The iron imp hits you!
Natasha casts a spell.
You barely miss Natasha.
Natasha is lightly wounded.
Natasha closely misses you. The iron imp hits you!
* * * LOW HITPOINT WARNING * * *
Natasha mewls in sadness.
It was a potion of magic.
Magic courses through your body. Natasha barely misses you. Natasha claws you.
You die...

....####...[....##...#
.##................###
..................##
..............<..########
##...)...........#......#
...............5.#......#
#...............).......#
##......#....5.###......#
##..5...###...5hh....#..#
.....5.........##..##..##
....##.....#..........##
.5..............#######
...............##
..............##
.............##
.............#
.............##


You could see an iron imp, Natasha and a crimson imp.

Vanquished Creatures
  3 adders
  4 gnolls
  A leopard gecko (D:2)
  A bat (D:1)
  6 giant cockroaches
  8 goblins
  5 hobgoblins
  A quokka (D:2)
  2 frilled lizards (D:1)
  5 rats
36 creatures vanquished.

Vanquished Creatures (collateral kills)
  Natasha (D:2)
1 creature vanquished.

Grand Total: 37 creatures vanquished

Notes
Turn   | Place    | Note
-------+----------+-------------------------------------------
     0 | D:1      | kae the Draconian Transmuter began the quest for the Orb.
     0 | D:1      | Reached XP level 1. HP: 16/16 MP: 3/3
   106 | D:1      | Reached XP level 2. HP: 10/23 MP: 3/5
   901 | D:2      | Reached XP level 3. HP: 19/28 MP: 6/6
  1016 | D:2      | Noticed Natasha
  1146 | D:1      | Learned a level 2 spell: Sticks to Snakes
  1150 | D:1      | Learned a level 3 spell: Spider Form
  1563 | D:2      | Reached skill level 4 in Unarmed Combat
  1576 | D:2      | Noticed Sigmund
  1594 | D:2      | Reached XP level 4. HP: 35/35 MP: 0/7
  1808 | D:2      | Killed Natasha
  1862 | D:2      | Noticed Natasha
  2065 | D:2      | Slain by Natasha

Levels and vault maps discovered:
D:1:      ncdulo_halloftheorcs, layout_loops_ring, minmay_large_rounded_square
D:2:      layout_rooms, minmay_misc_feat_four_crosses,
          kennysheep_generic_room_15, uniq_sigmund, uniq_natasha

Skill      XL: |  1  2  3  4 |
---------------+-------------+-----
Unarmed Combat | 4 |  4.4
Transmutations | 3 |  3.0
Fighting       | |  1.1
Dodging        | |  1.7
Spellcasting   | |  2.8

Action                   |  1- 3 |  4- 6 || total
-------------------------+-------+-------++-------
Melee: Unarmed           |   111 |    35 ||   146
       Kick              |     8 |       ||     8
       Tailslap          |     6 |     3 ||     9
       Headbutt          |       |     2 ||     2
       Punch             |       |     1 ||     1
 Cast: Beastly Appendage |    11 |     2 ||    13
       Spider Form       |     4 |     1 ||     5
       Sticks to Snakes  |       |     3 ||     3
  Use: Potion            |       |     2 ||     2
  Eat: Chunk             |     2 |     2 ||     4
Armor: Skin              |    23 |    12 ||    35
Dodge: Dodged            |    74 |    31 ||   105

Table legend:
 A = Non-vault XP
 B = Vault XP
 C = Vault XP percentage of total XP
 D = Non-vault monster count
 E = Vault monster count
 F = Vault count percentage of total count
                 A         B        C        D         E       F
            +---------+---------+-------+---------+---------+-------
      Total |     133 |      28 |  17.4 |      32 |       1 |   3.0
            +---------+---------+-------+---------+---------+-------
        D:1 |      54 |       0 |   0.0 |      20 |       0 |   0.0
        D:2 |      79 |      28 |  26.2 |      12 |       1 |   7.7
            +---------+---------+-------+---------+---------+-------
